 Dungeon Sprint DCSS version 0.28-a0-1213-g0243856f03 (webtiles) character file.

Game seed: 12470800827033632267

2125 rocky1 the Blocker (level 9, -2/75 HPs)
             Began as a Gnoll Wanderer on Dec 22, 2021.
             Was an Elder of Okawaru.
             Slain by a snapping turtle (17 damage)
             ... in the Dungeon (Sprint VII: "The Pits").
             The game lasted 00:07:44 (2009 turns).

rocky1 the Blocker (Gnoll Wanderer)                 Turns: 2009, Time: 00:07:45

Health: -2/75      AC: 18    Str: 13    XL:     9   Next: 29%
Magic:  19/20      EV: 17    Int:  9    God:    Okawaru [****..]
Gold:   0          SH:  9    Dex: 17    Spells: 23/23 levels left

rFire   . . .      SeeInvis .   a - +2 rapier (freeze)
rCold   . . .      Faith    .   e - +0 buckler
rNeg    . . .      Spirit   .   v - +4 chain mail
rPois   .          Reflect  .   (no helmet)
rElec   .          Harm     .   (no cloak)
rCorr   .          Rampage  .   u - +0 pair of gloves
Will    .....      NoTele   +   (no boots)
Stlth   +++.......              (no amulet)
HPRegen 0.22/turn               q - +3 ring of evasion
MPRegen 0.17/turn               r - +3 ring of evasion

@: heroic
A: fangs 1, strong nose, distributed training
a: Renounce Religion, Heroism, Finesse


You were in the Dungeon.
You worshipped Okawaru.
Okawaru was greatly pleased with you.
You visited 1 branch

Inventory:

Hand Weapons
 a - a +2 rapier of freezing (weapon)
 b - a +2 scimitar of holy wrath
 o - a +2 war axe of freezing
Armour
 e - a +0 buckler (worn)
 u - a +0 pair of gloves (worn)
 v - a +4 chain mail (worn)
Jewellery
 q - a +3 ring of evasion (left hand)
 r - a +3 ring of evasion (right hand)
Wands
 p - a wand of flame (12)
Scrolls
 d - 5 scrolls of amnesia
 l - a scroll of blinking
Potions
 c - 2 potions of invisibility
 g - 7 potions of curing
 h - 7 potions of heal wounds
 i - 3 potions of haste
 j - 4 potions of magic
 k - 3 potions of berserk rage
 s - 3 potions of brilliance
 t - 2 potions of might


   Skills:
 + Level 8.9(13.9) Fighting
 + Level 7.5(12.5) Short Blades
 + Level 8.0(13.0) Long Blades
 + Level 7.5(12.5) Axes
 + Level 7.5(12.5) Maces & Flails
 + Level 7.5(12.5) Polearms
 + Level 7.5(12.5) Staves
 + Level 7.5(12.5) Slings
 + Level 7.5(12.5) Bows
 + Level 7.5(12.5) Crossbows
 + Level 7.5(12.5) Throwing
 + Level 7.5(12.5) Armour
 + Level 7.5(12.5) Dodging
 + Level 9.7(14.7) Stealth
 + Level 11.3(16.3) Shields
 + Level 7.5(12.5) Unarmed Combat
 + Level 7.5 Spellcasting
 + Level 6.2 Conjurations
 + Level 6.2 Hexes
 + Level 6.2 Summonings
 + Level 6.2 Necromancy
 + Level 6.2 Translocations
 + Level 6.2 Transmutations
 + Level 6.2 Fire Magic
 + Level 6.2 Ice Magic
 + Level 6.2 Air Magic
 + Level 6.2 Earth Magic
 + Level 6.2 Poison Magic
 + Level 8.2 Invocations
 + Level 7.5 Evocations


You had 23 spell levels left.
You didn't know any spells.
Your spell library was empty.

Dungeon Overview and Level Annotations

Branches:
Dungeon (1/1)

Altars:
Ashenzari
Cheibriados
Dithmenos
Elyvilon
Fedhas
Gozag
Hepliaklqana
Kikubaaqudgha
Makhleb
Nemelex Xobeh
Okawaru
Qazlal
Ru
Sif Muna
Trog
Uskayaw
Vehumet
Wu Jian
Xom
Yredelemnul
Zin
The Shining One
Beogh
Jiyva
Lugonu


Innate Abilities, Weirdness & Mutations

You have very sharp teeth.
Your uncanny sense of smell can sniff out nearby items.
Your experience applies equally to all skills.


Message History

You hit the snapping turtle but do no damage.
The snapping turtle is heavily wounded.
The snapping turtle misses you.
You hit the snapping turtle. You freeze the snapping turtle.
The snapping turtle is heavily wounded.
You barely miss the snapping turtle.
You bite the snapping turtle, but do no damage.
The snapping turtle is heavily wounded.
The snapping turtle bites you.
You hit the snapping turtle but do no damage.
The snapping turtle is heavily wounded.
You barely miss the snapping turtle.
The snapping turtle is heavily wounded.
The snapping turtle is no longer moving slowly.
You hit the snapping turtle but do no damage.
The snapping turtle is heavily wounded.
You block the snapping turtle's attack.
You puncture the snapping turtle!
The snapping turtle seems to slow down.
You freeze the snapping turtle.
The snapping turtle is severely wounded.
You hit the snapping turtle but do no damage.
The snapping turtle is severely wounded.
The snapping turtle barely misses you.
You puncture the snapping turtle!
The snapping turtle seems to slow down.
You freeze the snapping turtle.
The snapping turtle is almost dead.
You hit the snapping turtle but do no damage.
The snapping turtle is almost dead.
You hit the snapping turtle but do no damage.
The snapping turtle is almost dead.
The snapping turtle bites you!
* * * LOW HITPOINT WARNING * * *
You hit the snapping turtle but do no damage.
The snapping turtle is almost dead.
You hit the snapping turtle but do no damage.
The snapping turtle is almost dead.
You hit the snapping turtle but do no damage.
The snapping turtle is almost dead.
The snapping turtle bites you!
You die...

############ #_________.#
#_________.#
#_______...###########++##
##########'##.............
#.?(.')()'.##......#..#...
##########.##.............
#.......(@t.'.............
#'#####'#####......#..#...
#.#...#.#..##.............
#.#..รท#.#).#####'#####''##
#.#..)')#))##.......##''#
#.##)####.)##.......##..##
#.#.....#[[##.......##...#
#.#.....#'###...<...###...
#.#........##.......# ##..


You could see a snapping turtle (slow).

Vanquished Creatures
  A two-headed ogre (D)
  A manticore (D)
  2 hellwings (D)
  A floating eye (D)
  A black bear (D)
  A phantom (D)
  6 killer bees (D)
  2 iron imps (D)
  Ijyb (D)
  2 gnolls (D)
  An adder (D)
  A river rat (D)
  A bat (D)
  A bat zombie (D)
  A giant cockroach (D)
  A goblin (D)
  2 hobgoblins (D)
  3 quokkas (D)
  A kobold (D)
  A rat (D)
31 creatures vanquished.

Vanquished Creatures (others)
  A sky beast (D)
1 creature vanquished.

Grand Total: 32 creatures vanquished

Notes
Turn   | Place    | Note
-------+----------+-------------------------------------------
     0 | D        | rocky1 the Gnoll Wanderer began the quest for the Orb.
     0 | D        | rocky1 set off with the following items: a +0 dagger, an
                  | atropa-tipped dart, 2 datura-tipped darts, a +0 falchion, a
                  | +0 buckler, a +0 robe, a potion of curing, a potion of heal
                  | wounds, a potion of haste, 2 potions of magic, a potion of
                  | berserk rage, a scroll of blinking
     0 | D        | Reached XP level 1. HP: 20/20 MP: 1/1
    52 | D        | Found a bloodstained altar of Trog.
    52 | D        | Found a shimmering blue altar of Sif Muna.
    52 | D        | Found a viscous altar of Jiyva.
    52 | D        | Found a hazy altar of Hepliaklqana.
    52 | D        | Found an opulent altar of Gozag.
    53 | D        | Found a glowing golden altar of the Shining One.
    53 | D        | Found a glowing silver altar of Zin.
    53 | D        | Found a basalt altar of Yredelemnul.
    53 | D        | Found a shimmering altar of Xom.
    53 | D        | Found an ornate altar of the Wu Jian Council.
    53 | D        | Found a sacrificial altar of Ru.
    53 | D        | Found a stormy altar of Qazlal.
    53 | D        | Found an iron altar of Okawaru.
    53 | D        | Found a sparkling altar of Nemelex Xobeh.
    53 | D        | Found a burning altar of Makhleb.
    53 | D        | Found a blossoming altar of Fedhas.
    53 | D        | Found a white marble altar of Elyvilon.
    53 | D        | Found a shadowy altar of Dithmenos.
    53 | D        | Found a snail-covered altar of Cheibriados.
    56 | D        | Found a corrupted altar of Lugonu.
    56 | D        | Found a radiant altar of Vehumet.
    57 | D        | Found an ancient bone altar of Kikubaaqudgha.
    57 | D        | Found a hide-covered altar of Uskayaw.
    57 | D        | Found a broken altar of Ashenzari.
    61 | D        | Became a worshipper of Warmaster Okawaru
    75 | D        | Noticed a floating eye
    79 | D        | Killed a floating eye
    79 | D        | Reached * piety under Okawaru
    79 | D        | Reached ** piety under Okawaru
    80 | D        | Reached skill level 5 in Fighting
    80 | D        | Reached skill level 9 in Shields
    80 | D        | Reached XP level 2. HP: 27/27 MP: 1/6
    80 | D        | Reached XP level 3. HP: 33/33 MP: 1/7
    80 | D        | Reached XP level 4. HP: 39/39 MP: 1/8
   255 | D        | Reached XP level 5. HP: 33/45 MP: 9/9
   655 | D        | Noticed a phantom
   758 | D        | Noticed Ijyb
   771 | D        | Killed a phantom
   771 | D        | Reached *** piety under Okawaru
   772 | D        | Reached XP level 6. HP: 52/52 MP: 10/12
   780 | D        | Noticed a sky beast
   788 | D        | Killed a sky beast
   789 | D        | Reached skill level 5 in Long Blades
   799 | D        | Killed Ijyb
   800 | D        | Reached skill level 5 in Invocations
   815 | D        | Noticed a black bear
   817 | D        | Killed a black bear
   818 | D        | Reached skill level 5 in Short Blades
   818 | D        | Reached skill level 5 in Axes
   818 | D        | Reached skill level 5 in Maces & Flails
   818 | D        | Reached skill level 5 in Polearms
   818 | D        | Reached skill level 5 in Staves
   818 | D        | Reached skill level 5 in Slings
   818 | D        | Reached skill level 5 in Bows
   818 | D        | Reached skill level 5 in Crossbows
   818 | D        | Reached skill level 5 in Throwing
   818 | D        | Reached skill level 5 in Armour
   818 | D        | Reached skill level 5 in Dodging
   818 | D        | Reached skill level 5 in Unarmed Combat
   818 | D        | Reached skill level 5 in Spellcasting
   818 | D        | Reached skill level 5 in Evocations
   819 | D        | Noticed a manticore
   833 | D        | Killed a manticore
   833 | D        | Reached **** piety under Okawaru
   834 | D        | Reached skill level 10 in Shields
   834 | D        | Reached XP level 7. HP: 22/60 MP: 13/16
  1064 | D        | Reached skill level 5 in Conjurations
  1064 | D        | Reached skill level 5 in Hexes
  1064 | D        | Reached skill level 5 in Summonings
  1064 | D        | Reached skill level 5 in Necromancy
  1064 | D        | Reached skill level 5 in Translocations
  1064 | D        | Reached skill level 5 in Transmutations
  1064 | D        | Reached skill level 5 in Fire Magic
  1064 | D        | Reached skill level 5 in Ice Magic
  1064 | D        | Reached skill level 5 in Air Magic
  1064 | D        | Reached skill level 5 in Earth Magic
  1064 | D        | Reached skill level 5 in Poison Magic
  1397 | D        | Noticed a hellwing
  1404 | D        | Reached XP level 8. HP: 68/68 MP: 14/17
  1456 | D        | Killed a hellwing
  1456 | D        | Received a gift from Okawaru
  1939 | D        | Noticed a hellwing
  1940 | D        | Noticed a snapping turtle
  1946 | D        | Noticed a two-headed ogre
  1948 | D        | Killed a hellwing
  1949 | D        | Reached skill level 11 in Shields
  1980 | D        | Killed a two-headed ogre
  1980 | D        | Received a gift from Okawaru
  1981 | D        | Reached XP level 9. HP: 42/75 MP: 16/20
  2009 | D        | Slain by a snapping turtle

Illustrated notes

Levels and vault maps discovered:
D:        pitsprint [storerooms_1, entrance_room_1, metal_vault_5, armoury_1,
          mini_pit_1, grid_room_1, main_hall_1, silver_pit, the_coven_2,
          the_vestibule_1, steel_vault_5, golden_pit, hallway_of_sentries,
          crystal_vault_5, iron_vault_1, final_vault]

Skill      XL: |  1  2  3  4  5  6  7  8 |
---------------+-------------------------+-----
Fighting       | 5 6 7 8 |  8.9
Short Blades   | 3 4 6 7 |  7.5
Long Blades    | 4 6 8 |  8.0
Axes           | 3 4 6 7 |  7.5
Maces & Flails | 3 4 6 7 |  7.5
Polearms       | 3 4 6 7 |  7.5
Staves         | 3 4 6 7 |  7.5
Slings         | 3 4 6 7 |  7.5
Bows           | 3 4 6 7 |  7.5
Crossbows      | 3 4 6 7 |  7.5
Throwing       | 3 4 6 7 |  7.5
Armour         | 3 4 6 7 |  7.5
Dodging        | 3 4 6 7 |  7.5
Stealth        | 6 7 8 9 |  9.7
Shields        | 9 10 11 | 11.3
Unarmed Combat | 3 4 6 7 |  7.5
Spellcasting   | 3 4 6 7 |  7.5
Conjurations   | 2 3 4 5 6 |  6.2
Hexes          | 2 3 4 5 6 |  6.2
Summonings     | 2 3 4 5 6 |  6.2
Necromancy     | 2 3 4 5 6 |  6.2
Translocations | 2 3 4 5 6 |  6.2
Transmutations | 2 3 4 5 6 |  6.2
Fire Magic     | 2 3 4 5 6 |  6.2
Ice Magic      | 2 3 4 5 6 |  6.2
Air Magic      | 2 3 4 5 6 |  6.2
Earth Magic    | 2 3 4 5 6 |  6.2
Poison Magic   | 2 3 4 5 6 |  6.2
Invocations    | 3 4 6 8 |  8.2
Evocations     | 3 4 6 7 |  7.5

Action                   |  1- 3 |  4- 6 |  7- 9 || total
-------------------------+-------+-------+-------++-------
Melee: Falchion          |     3 |    45 |    23 ||    71
       Dagger            |     1 |     2 |       ||     3
       Bite              |       |     8 |    11 ||    19
       Long sword        |       |    19 |    51 ||    70
       Scimitar          |       |       |    11 ||    11
       Rapier            |       |       |    29 ||    29
Invok: Heroism           |       |     1 |     5 ||     6
  Use: Potion            |       |     2 |       ||     2
 Stab: Sleeping          |     2 |     3 |       ||     5
Armor: Ring mail         |       |    11 |    15 ||    26
       Chain mail        |       |       |     4 ||     4
Dodge: Dodged            |       |    36 |    67 ||   103
Block: Buckler           |       |    23 |    36 ||    59

Table legend: (Time is in decaauts)
 A = Elapsed time spent in this place.
 B = Non-inter-level travel time spent in this place.
 C = Inter-level travel time spent in this place.
 D = Time resting spent in this place.
 E = Time spent auto-exploring this place.
 F = Levels seen in this place.
 G = Mean time per level.
                   A        B        C        D        E       F      G
               +--------+--------+--------+--------+--------+-----+--------+
         Total |   1987 |   1923 |     64 |   1419 |      0 |   1 | 1987.0 |
       Dungeon |   1987 |   1923 |     64 |   1419 |      0 |   1 | 1987.0 |
               +--------+--------+--------+--------+--------+-----+--------+

Top non-repeatable levels by time:
       D: 1987 daAuts
